 Dungeon Crawl Stone Soup version 0.25-a0-647-gd602d06 (webtiles) character file.

Game seed: 4628390170769497324, levelgen mode: deterministic

5439 Faca the Fighter (level 11, 0/93 HPs)
             Began as a Human Fighter on Mar 21, 2020.
             Was a High Priest of Okawaru.
             Succumbed to a killer bee's poison
             ... on level 8 of the Dungeon on Mar 22, 2020.
             The game lasted 00:28:31 (11219 turns).

Faca the Fighter (Human Fighter)                   Turns: 11219, Time: 00:28:32

Health: 0/93       AC: 15    Str: 19    XL:     11   Next: 0%
Magic:  11/11      EV:  5    Int:  8    God:    Okawaru [*****.]
Gold:   406        SH: 10    Dex: 14    Spells: 10/10 levels left

rFire    + . .     SeeInvis .   k - +2 dagger (venom)
rCold    + . .     Gourm    .   c - +1 kite shield
rNeg     . . .     Faith    .   g - +0 chain mail
rPois    .         Spirit   .   (no helmet)
rElec    .         Reflect  .   b - scarf {rC+ rF+}
rCorr    .         Harm     .   (no gloves)
MR       .....                  p - +0 pair of boots
Stlth    ..........             (no amulet)
HPRegen  0.25/turn              e - +5 ring of protection
MPRegen  0.12/turn              j - ring of attention (curse)

@: lethally poisoned (0 -> -5), berserk cooldown, slowed, very slow
A: no striking features
a: Heroism, Finesse, Renounce Religion


You were on level 8 of the Dungeon.
You worshipped Okawaru.
Okawaru was extremely pleased with you.
You were not hungry.

You visited 2 branches of the dungeon, and saw 9 of its levels.
You also visited: Sewer and Ossuary.

You collected 406 gold pieces.

Inventory:

Hand Weapons
 k - a +2 dagger of venom (weapon)
 n - a +0 rapier of protection
 B - a +0 long sword
Missiles
 r - 7 boomerangs (quivered)
Armour
 b - a scarf of resistance (worn)
 c - a +1 kite shield (worn)
 g - a +0 chain mail (worn)
 p - a +0 pair of boots (worn)
Jewellery
 e - a +5 ring of protection (left hand)
 j - a cursed ring of attention (right hand)
Wands
 q - a wand of paralysis (8)
 w - a wand of digging (5)
Scrolls
 a - a scroll of identify
 h - 4 scrolls of magic mapping
 o - a scroll of fog
 t - 6 scrolls of teleportation
 v - a scroll of enchant armour
 y - a scroll of fear
 A - a scroll of remove curse
Potions
 d - a potion of might
 i - 2 potions of resistance
 l - 5 potions of flight
 m - 2 potions of haste
 s - 2 potions of mutation
 x - a potion of berserk rage
Comestibles
 f - 19 rations


   Skills:
 + Level 11.3 Fighting
 + Level 11.1 Long Blades
 - Level 3.0 Armour
 - Level 3.0 Shields


You had 10 spell levels left.
You didn't know any spells.
Your spell library was empty.

Dungeon Overview and Level Annotations

Branches:
Dungeon (8/15)             Temple (1/1) D:4           Sewer (visited)
Ossuary (visited)
   Lair: D:8-11

Altars:
Cheibriados
Dithmenos
Elyvilon
Fedhas
Gozag
Hepliaklqana
Kikubaaqudgha
Nemelex Xobeh
Okawaru
Qazlal
Ru
Uskayaw
Vehumet
Wu Jian
Yredelemnul
Zin


Message History

You feel yourself slow down.
* * * LOW HITPOINT WARNING * * *
You feel sick.
There is a lethal amount of poison in your body!
Okay, then.
Okay, then.
Okay, then.
* * * LOW HITPOINT WARNING * * *
You feel sick.
* * * LOW HITPOINT WARNING * * *
You feel sick.
* * * LOW HITPOINT WARNING * * *
You feel sick.
* * * LOW HITPOINT WARNING * * *
You feel sick.
* * * LOW HITPOINT WARNING * * *
You feel sick.
* * * LOW HITPOINT WARNING * * *
You feel sick.
You die...

###(##†###....
######((.##.##
#####
##[.....####..#
##.###### ##.###
#..# #...# ..##
###.# ...## #.##
##..## #..# ##..#
##@# ##.### #.#
#...# #.# ###.#
#.## #.# #..#
###)#### ####.####
#......# #)......#
#......# #.......#
#......####.......#


There were no monsters in sight!

Vanquished Creatures
  Grinder (D:6)
  2 hippogriffs
  A spriggan (D:8)
  A steam dragon (D:7)
  2 hungry ghosts
  Menkaure (D:7)
  A black bear (D:7)
  A phantom (D:8)
  An orc warrior (D:8)
  4 ogres
  3 centaurs
  A big kobold (D:7)
  2 bullfrogs
  11 scorpions
  14 killer bees (D:8)
  A howler monkey (D:8)
  2 crimson imps
  2 centaur zombies
  A bullfrog zombie (D:6)
  7 orc priests
  3 hounds
  A jelly (D:8)
  A centaur skeleton (D:6)
  3 iguanas
  A merfolk siren (Sewer)
  8 orc wizards
  A merfolk avatar (Sewer)
  11 worker ants
  2 hound zombies (D:5)
  3 mummies (Ossuary)
  2 worker ant zombies
  2 scorpion zombies (Ossuary)
  13 adders
  2 river rats (Sewer)
  3 shadow imps
  An adder zombie (D:6)
  2 adder skeletons
  5 worms
  4 dart slugs
  8 leopard geckos
  45 orcs
  6 ball pythons
  14 bats
  11 giant cockroaches
  14 goblins
  18 hobgoblins
  7 jackals
  15 kobolds
  5 quokkas
  8 frilled lizards
  2 gnoll zombies (Ossuary)
  A goblin zombie (Ossuary)
  4 hobgoblin zombies (Ossuary)
  A jackal zombie (D:8)
  5 kobold zombies (Ossuary)
  A leopard gecko zombie (D:5)
  2 orc zombies (Ossuary)
  A quokka skeleton (D:4)
  32 rats
327 creatures vanquished.

Vanquished Creatures (others)
  An orc wizard (D:8)
  A hobgoblin zombie (Ossuary)
2 creatures vanquished.

Grand Total: 329 creatures vanquished

Notes
Turn   | Place    | Note
-------+----------+-------------------------------------------
     0 | D:1      | Faca the Human Fighter began the quest for the Orb.
     0 | D:1      | Reached XP level 1. HP: 18/18 MP: 1/1
    97 | D:1      | Reached XP level 2. HP: 24/24 MP: 2/2
   446 | D:1      | Reached XP level 3. HP: 28/29 MP: 3/3
  1019 | D:2      | Reached XP level 4. HP: 34/37 MP: 4/4
  1455 | D:2      | Found a snail-covered altar of Cheibriados.
  1586 | D:2      | Found a hide-covered altar of Uskayaw.
  1618 | D:2      | Reached XP level 5. HP: 37/42 MP: 5/5
  1715 | D:2      | Found a faded altar of an unknown god.
  2171 | D:3      | Found a glowing drain.
  2193 | Sewer    | Entered a sewer
  2371 | Sewer    | Reached XP level 6. HP: 36/50 MP: 6/6
  2527 | Sewer    | Reached skill level 5 in Fighting
  3006 | D:3      | Found a sparkling altar of Nemelex Xobeh.
  3263 | D:3      | Reached skill level 5 in Long Blades
  3626 | D:4      | Reached XP level 7. HP: 53/56 MP: 7/7
  3627 | D:4      | Found a sacrificial altar of Ru.
  3756 | D:4      | Found a staircase to the Ecumenical Temple.
  3766 | Temple   | Entered the Ecumenical Temple
  3798 | Temple   | Became a worshipper of Warmaster Okawaru
  3845 | D:4      | Found a sand-covered staircase.
  3880 | Ossuary  | Entered an ossuary
  4275 | Ossuary  | Reached * piety under Okawaru
  4355 | Ossuary  | Reached XP level 8. HP: 16/65 MP: 8/8
  5539 | D:4      | Found a radiant altar of Vehumet.
  5794 | D:5      | Entered Level 5 of the Dungeon
  6180 | D:5      | Reached ** piety under Okawaru
  6680 | D:5      | Reached XP level 9. HP: 74/74 MP: 9/9
  7569 | D:6      | Noticed Grinder
  7593 | D:6      | Paralysed by Grinder for 4 turns
  7612 | D:6      | Killed Grinder
  7891 | D:6      | Reached *** piety under Okawaru
  8174 | D:6      | Identified the +0 robe of Winus {rN+ Dex+4 Stlth+}
  8619 | D:7      | Noticed a hippogriff
  8642 | D:7      | Killed a hippogriff
  8642 | D:7      | Reached XP level 10. HP: 56/85 MP: 10/10
  8755 | D:7      | Reached skill level 10 in Fighting
  8887 | D:7      | Reached skill level 10 in Long Blades
  9116 | D:7      | Reached **** piety under Okawaru
  9189 | D:7      | Found an ornate altar of the Wu Jian Council.
  9192 | D:7      | Found an ancient bone altar of Kikubaaqudgha.
  9195 | D:7      | Found a sparkling altar of Nemelex Xobeh.
  9442 | D:7      | Noticed Menkaure
  9451 | D:7      | Killed Menkaure
 10333 | D:8      | HP: 4/86 [centaur/arrow (8)]
 10951 | D:8      | Reached ***** piety under Okawaru
 11208 | D:8      | Reached XP level 11. HP: 20/93 MP: 11/11
 11216 | D:8      | HP: 3/93 [poisoned by a killer bee]
 11217 | D:8      | HP: 1/93 [poisoned by a killer bee]
 11219 | D:8      | Succumbed to a killer bee's poison

Levels and vault maps discovered:
D:1:      dpeg_arrival_morbid_curiosity, layout_basic
D:2:      minmay_skewed_foursquare, layout_loops_corners,
          kennysheep_slug_shrine, nicolae_overflow_crystal_walls,
          chequers_ecumenical_altar_simple, hex_large
D:3:      layout_loops_ring, cheibrodos_sewer_entry_drain,
          nemelex_diamond_rough_becter
D:4:      layout_basic, lemuel_doored_altar, lemuel_coloured_pillars_altar,
          minmay_temple_entry_glass, nicolae_ossuary_entry_plus
D:5:      layout_basic, first_ration
D:6:      layout_basic, uniq_grinder
D:7:      layout_loops_corners, grunt_temple_overflow_diamond, uniq_menkaure
D:8:      layout_rooms, the_bakery, minmay_bent
Temple:   regret_index_temple_waves

Skill      XL: |  1  2  3  4  5  6  7  8  9 10 |
---------------+-------------------------------+-----
Long Blades    | 3 4 5 6 7 9 11 | 11.1
Fighting       | 4 5 6 8 9 11 | 11.3
Armour         | |  3.0
Shields        | |  3.0

Action                   |  1- 3 |  4- 6 |  7- 9 | 10-12 || total
-------------------------+-------+-------+-------+-------++-------
Melee: Long sword        |    93 |   481 |   592 |   190 ||  1356
       Dagger            |       |       |    56 |   156 ||   212
Throw: Boomerang         |       |     1 |       |       ||     1
Invok: Heroism           |       |       |       |     1 ||     1
  Use: Scroll            |     2 |     5 |    10 |     3 ||    20
       Potion            |       |       |     5 |     7 ||    12
  Eat: Chunk             |       |    10 |    13 |     7 ||    30
       Ration            |       |       |     1 |     3 ||     4
Armor: Scale mail        |    55 |       |       |       ||    55
       Chain mail        |    29 |   311 |   321 |   179 ||   840
       Skin              |       |       |    12 |       ||    12
Dodge: Dodged            |    26 |    67 |   124 |    67 ||   284
Block: Kite shield       |    61 |   233 |   327 |   158 ||   779
       Rpst.: Long sword |    10 |    24 |    40 |     9 ||    83

Table legend:
 A = Non-vault XP
 B = Vault XP
 C = Vault XP percentage of total XP
 D = Non-vault monster count
 E = Vault monster count
 F = Vault count percentage of total count
                 A         B        C        D         E       F
            +---------+---------+-------+---------+---------+-------
      Total |    6247 |    1523 |  19.6 |     244 |      83 |  25.4
            +---------+---------+-------+---------+---------+-------
        D:1 |      37 |       8 |  17.8 |      22 |       4 |  15.4
        D:2 |     131 |      24 |  15.5 |      37 |       6 |  14.0
        D:3 |     151 |       7 |   4.4 |      40 |       3 |   7.0
        D:4 |     394 |       0 |   0.0 |      32 |       0 |   0.0
        D:5 |     782 |       0 |   0.0 |      30 |       0 |   0.0
        D:6 |    1274 |     286 |  18.3 |      26 |       1 |   3.7
        D:7 |    1365 |     165 |  10.8 |      23 |       1 |   4.2
        D:8 |    2113 |     268 |  11.3 |      34 |       2 |   5.6
      Sewer |       0 |     148 | 100.0 |       0 |      39 | 100.0
    Ossuary |       0 |     617 | 100.0 |       0 |      27 | 100.0
            +---------+---------+-------+---------+---------+-------
